 Dungeon Crawl Stone Soup version 0.30-a0-870-gc5d4c5acee (webtiles) character file.

Game seed: 2607629375322750998

2464 Gerhazo the Destroyer (level 9, -6/49 HPs)
             Began as a Deep Elf Conjurer on Mar 11, 2023.
             Was a Priest of Vehumet.
             Mangled by an anaconda (8 damage)
             ... on level 7 of the Dungeon.
             The game lasted 00:10:14 (6335 turns).

Gerhazo the Destroyer (Deep Elf Conjurer)           Turns: 6335, Time: 00:10:15

Health: -6/49      AC:  8    Str:  4    XL:     9   Next: 26%
Magic:  5/23       EV: 10    Int: 28    God:    Vehumet [***...]
Gold:   300        SH:  0    Dex: 13    Spells: 13/24 levels left

rFire   . . .      SeeInvis .    E - staff of cold
rCold   + . .      Faith    .    (no shield)
rNeg    . . .      Spirit   .    a - +0 robe
rPois   .          Reflect  .    (no helmet)
rElec   .          Rampage  .    (no cloak)
rCorr   .                        j - +0 pair of gloves
Will    .....                    C - +0 pair of boots
Stlth   +++                      t - amulet of magic regeneration
HPRegen 0.28/turn                p - +4 ring of protection
MPRegen 0.58/turn                w - ring of wizardry

@: constricted
A: no striking features
a: Renounce Religion


You were on level 7 of the Dungeon.
You worshipped Vehumet.
Vehumet was most pleased with you.
You visited 2 branches of the dungeon, and saw 8 of its levels.

You collected 300 gold pieces.

Inventory:

Armour
 a - a +0 robe (worn)
 j - a +0 pair of gloves (worn)
 C - a +0 pair of boots (worn)
Magical Staves
 E - a staff of cold (weapon)
Jewellery
 p - a +4 ring of protection (left hand)
 t - an amulet of magic regeneration (around neck)
 w - a ring of wizardry (right hand)
Wands
 i - a wand of polymorph (9)
 q - a wand of iceblast (10)
 v - a wand of flame (18)
 A - a wand of charming (11)
Scrolls
 c - 7 scrolls of identify {unknown}
 d - 2 scrolls of poison {unknown}
 k - a scroll of brand weapon {unknown}
 l - 2 scrolls of enchant armour {unknown}
 r - a scroll of magic mapping {unknown}
 s - 2 scrolls of immolation {unknown}
 x - a scroll of fog {unknown}
 y - a scroll of teleportation {unknown}
 z - a scroll of amnesia {unknown}
 B - a scroll of fear {unknown}
 G - a scroll of blinking {unknown}
Potions
 b - 2 potions of magic
 e - a potion of flight {unknown}
 f - a potion of cancellation {unknown}
 g - a potion of attraction {unknown}
 h - 2 potions of heal wounds {unknown}
 m - 3 potions of ambrosia {unknown}
 n - a potion of mutation {unknown}
 o - a potion of might {unknown}
 u - 4 potions of curing {unknown}
 F - 2 potions of lignification {unknown}
 H - a potion of brilliance {unknown}
 I - a potion of degeneration {unknown}


   Skills:
 + Level 2.6 Fighting
 + Level 4.8 Dodging
 + Level 5.2 Stealth
 + Level 8.3 Spellcasting
 * Level 10.2 Conjurations
 + Level 3.6 Fire Magic


You had 13 spell levels left.
You knew the following spells:

 Your Spells              Type           Power      Damage    Failure   Level
a - Magic Dart            Conj           100%       1d8       1%          1
b - Searing Ray           Conj           100%       2d8       1%          2
c - Iskenderun's Mystic   Conj/Tloc      40%        2d9       1%          4
d - Fulminant Prism       Conj/Hex       20%        3d12      1%          4

Your spell library contained the following spells:

 Spells                   Type           Power      Damage    Failure   Level
 Kindle Blastsparks       Fire/Tloc/Air  36%        2d13      1%          3
 Freeze                   Ice            68%        1d8       1%          1
 Dazzling Flash           Conj/Hex       80%        N/A       1%          3
 Frozen Ramparts          Ice            34%        1d6       1%          3
 Hailstorm                Conj/Ice       57%        3d12      1%          3
 Sublimation of Blood     Necr           11%        N/A       2%          2
 Wereblood                Tmut           11%        N/A       2%          2
 Summon Hydra             Summ           5%         N/A       100%        7


Dungeon Overview and Level Annotations

Branches:
Dungeon (7/15)             Temple (1/1) D:4

Altars:
Ashenzari
Cheibriados
Dithmenos
Elyvilon
Fedhas
Gozag
Hepliaklqana
Kikubaaqudgha
Nemelex Xobeh
Okawaru
Qazlal
Ru
Sif Muna
Uskayaw
Vehumet
Wu Jian
Xom
Yredelemnul
Zin
The Shining One


Message History

You erupt in a blast of force!
The mystic blast hits the anaconda!
The anaconda is heavily wounded.
The anaconda is knocked back by the mystic blast.
Unknown command.
Casting: Iskenderun's Mystic Blast (dangerous; 1% risk of failure)
Confirm with . or Enter, or press ? or * to list all spells.
You erupt in a blast of force!
The mystic blast hits the anaconda.
The anaconda is heavily wounded.
The anaconda is knocked back by the mystic blast.
Unknown command.
The anaconda attacks as you move away! The anaconda closely misses you.
The anaconda bites you! The anaconda grabs you.
The anaconda bites you but does no damage.
The anaconda constricts you.
There is a stone staircase leading up, spattered with blood here.
You escape the anaconda's grasp.
The anaconda grabs you.
You stop ascending the stairs.
The anaconda barely misses you. The anaconda constricts you.
Unknown command.
The searing ray hits the anaconda!
The anaconda is severely wounded. (Press . to maintain the ray.)
The anaconda bites you but does no damage.
The anaconda constricts you. The anaconda closely misses you.
The anaconda constricts you.
The searing ray hits the anaconda.
The anaconda is severely wounded.
The anaconda bites you!
* * * LOW HITPOINT WARNING * * *
The anaconda constricts you.
* * * LOW HITPOINT WARNING * * *
The anaconda closely misses you. The anaconda constricts you.
* * * LOW HITPOINT WARNING * * *
Unknown command.
The searing ray misses the anaconda.
The anaconda bites you.
* * * LOW HITPOINT WARNING * * *
The anaconda constricts you.
* * * LOW HITPOINT WARNING * * *
The anaconda bites you!
You die...

.# #.# #.#
#.# #.#
#.#
..######.#
.......@.#
#...####S#
# #......#
#####..).#
##[#.#
#.#.# ...
. #.. .#
##. .


You could see an anaconda.

Vanquished Creatures
  Grinder (D:3)
  A vampire mosquito (D:5)
  Edmund (D:4)
  2 water moccasins
  Duvessa (D:6)
  An orc warrior (D:6)
  A black bear (D:5)
  3 ice beasts
  2 ogres
  A centaur (D:6)
  A bullfrog (D:6)
  A scorpion (D:5)
  Dowan (D:6)
  An electric eel (D:6)
  3 orc priests
  A hound (D:6)
  Jessica (D:3)
  7 iguanas
  2 sleepcaps
  Terence (D:2)
  5 orc wizards
  A gnoll (D:5)
  13 adders
  A white imp (D:6)
  3 ufetubi (D:5)
  2 worms
  2 dart slugs
  38 orcs
  6 ball pythons
  6 bats
  9 endoplasms
  3 giant cockroaches
  5 hobgoblins
  9 jackals
  3 quokkas
  A frilled lizard (D:3)
  10 goblins
  3 kobolds
  6 rats
159 creatures vanquished.

Vanquished Creatures (others)
  11 fulminant prisms
11 creatures vanquished.

Grand Total: 170 creatures vanquished

Notes
Turn   | Place    | Note
-------+----------+-------------------------------------------
     0 | D:1      | Gerhazo the Deep Elf Conjurer began the quest for the Orb.
     0 | D:1      | Reached XP level 1. HP: 10/10 MP: 6/6
   133 | D:1      | Reached XP level 2. HP: 15/15 MP: 6/8
   326 | D:1      | Reached skill level 5 in Conjurations
   334 | D:1      | Learned a level 2 spell: Searing Ray
   397 | D:1      | Found a faded altar of an unknown god.
   443 | D:2      | Reached XP level 3. HP: 17/19 MP: 1/10
   535 | D:3      | Noticed Jessica
   543 | D:3      | Killed Jessica
   625 | D:3      | Reached XP level 4. HP: 24/24 MP: 7/12
   730 | D:3      | Noticed Grinder
   739 | D:3      | Killed Grinder
   740 | D:3      | Reached skill level 5 in Spellcasting
   740 | D:3      | Reached skill level 7 in Conjurations
   740 | D:3      | Reached XP level 5. HP: 27/28 MP: 1/14
   759 | D:3      | Reached XP level 6. HP: 32/32 MP: 1/16
   911 | D:4      | Learned a level 4 spell: Iskenderun's Mystic Blast
   916 | D:4      | Learned a level 4 spell: Fulminant Prism
  1121 | D:4      | Found a hide-covered altar of Uskayaw.
  1129 | D:4      | Found a staircase to the Ecumenical Temple.
  1180 | Temple   | Entered the Ecumenical Temple
  1180 | Temple   | Found a transporter.
  1180 | Temple   | Found a transporter.
  1182 | Temple   | Found a transporter.
  1182 | Temple   | Found a transporter.
  1202 | Temple   | Became a worshipper of Vehumet
  2001 | D:2      | Noticed Terence
  2009 | D:2      | Killed Terence
  2838 | D:3      | Reached * piety under Vehumet
  2838 | D:3      | Offered knowledge of Foxfire by Vehumet.
  3600 | D:4      | Reached skill level 8 in Conjurations
  3710 | D:4      | Reached XP level 7. HP: 36/36 MP: 15/18
  3944 | D:4      | Noticed Edmund
  3971 | D:4      | Killed Edmund
  3971 | D:4      | Reached ** piety under Vehumet
  3971 | D:4      | Offered knowledge of Momentum Strike by Vehumet.
  4234 | D:5      | Entered Level 5 of the Dungeon
  4324 | D:5      | Reached skill level 1 in Fire Magic
  4504 | D:5      | Found a stormy altar of Qazlal.
  4504 | D:5      | Found a hazy altar of Hepliaklqana.
  4550 | D:5      | Reached skill level 9 in Conjurations
  4550 | D:5      | Reached XP level 8. HP: 42/42 MP: 15/20
  4586 | D:5      | Reached skill level 1 in Fighting
  4852 | D:5      | Offered knowledge of Kindle Blastsparks by Vehumet.
  5569 | D:6      | Reached XP level 9. HP: 35/48 MP: 19/23
  5766 | D:6      | Reached skill level 10 in Conjurations
  5816 | D:6      | Noticed Duvessa
  5816 | D:6      | Noticed Dowan
  5831 | D:6      | Killed Duvessa
  5831 | D:6      | Reached *** piety under Vehumet
  5836 | D:6      | Killed Dowan
  5837 | D:6      | Reached skill level 5 in Stealth
  6321 | D:7      | Noticed a boulder beetle
  6324 | D:7      | a boulder beetle changed into an anaconda
  6324 | D:7      | Noticed an anaconda
  6335 | D:7      | HP: 2/49 [constriction (3)]
  6335 | D:7      | Mangled by an anaconda

Illustrated notes

Levels and vault maps discovered:
D:1:      amcnicky_arrival_double_pillar, layout_rooms,
          dreamdust_ecumenical_altar_angels_and_demons
D:2:      layout_loops_ring, uniq_terence
D:3:      layout_loops_ring, grunt_decor_resistance, minmay_surrounded,
          uniq_grinder, uniq_jessica
D:4:      layout_loops_ring, mainiacjoe_overflow_alcove_1, temple_pool_b,
          uniq_edmund
D:5:      minmay_razor_zed, layout_basic, gammafunk_temple_overflow_wave
D:6:      layout_basic, minivault_4, uniq_duvessa
D:7:      layout_basic, serial_shops, nicolae_lakefront_shop
Temple:   hellmonk_temple_divided_pantheon

Skill      XL: |  1  2  3  4  5  6  7  8  9 |
---------------+----------------------------+-----
Conjurations   | 5 7 8 9 10 | 10.2
Spellcasting   | 4 5 6 7 8 |  8.3
Fire Magic     | 1 3 |  3.6
Stealth        | 3 4 5 |  5.2
Dodging        | 3 4 |  4.8
Fighting       | 2 |  2.6

Action                     |  1- 3 |  4- 6 |  7- 9 || total
---------------------------+-------+-------+-------++-------
  Melee: Unarmed           |    10 |    13 |     1 ||    24
   Cast: Magic Dart        |    30 |       |       ||    30
         Searing Ray       |     4 |    51 |    67 ||   122
         Iskenderun's Myst |       |     1 |    17 ||    18
         Fulminant Prism   |       |       |    11 ||    11
  Evoke: Wand              |       |       |     1 ||     1
 Armour: Robe              |     7 |     4 |    30 ||    41
  Dodge: Dodged            |    16 |    33 |    56 ||   105

Table legend: (Time is in decaauts)
 A = Elapsed time spent in this place.
 B = Non-inter-level travel time spent in this place.
 C = Inter-level travel time spent in this place.
 D = Time resting spent in this place.
 E = Time spent auto-exploring this place.
 F = Levels seen in this place.
 G = Mean time per level.
                   A        B        C        D        E       F      G
               +--------+--------+--------+--------+--------+-----+--------+
         Total |   6335 |   6023 |    312 |    244 |   4550 |   8 |  791.9 |
       Dungeon |   6192 |   5880 |    312 |    144 |   4544 |   7 |  884.6 |
        Temple |    142 |    142 |      0 |    100 |      6 |   1 |  142.0 |
               +--------+--------+--------+--------+--------+-----+--------+

Top non-repeatable levels by time:
     D:3: 1359 daAuts
     D:2: 1068 daAuts
     D:5: 1042 daAuts
     D:6: 1029 daAuts
     D:4: 933 daAuts
     D:1: 730 daAuts
  Temple: 142 daAuts
     D:7: 28 daAuts
